Marlies vs Griffins
Created - January 21, 2022 at 19:56
Goals
|
| Marlies |
2 |
3 |
2 |
7 |
| Griffins |
1 |
3 |
1 |
5 |
|
Shots
|
| Marlies |
12 |
14 |
11 |
37 |
| Griffins |
6 |
11 |
15 |
32 |
|
1st period
1. Griffins , Lucas Lessio 12 (Phil Oreskovic 4) at 0:31
2. Marlies , Nick Ritchie 13 (Pavel Zacha 10) at 9:19
3. Marlies , JT Compher 7 (Nick Ritchie 14) at 9:28
Penalties :
No Penalty
2nd period
4. Marlies , Pavel Zacha 10 (JT Compher 9, Nick Ritchie 15) at 4:31
5. Griffins , Adam Gaudette 7 (Marcus Pettersson 13, Phil Oreskovic 5) at 9:47
6. Griffins , Riley Armstrong 11 (Tyler Pitlick 15) at 15:45 (PP)
7. Marlies , Nick Ritchie 14 (JT Compher 10, Pavel Zacha 11) at 15:53
8. Marlies , Aleksi Saarela 6 (Shane Prince 1, Haydn Fleury 3) at 17:36 (SH)
9. Griffins , Travis Sanheim 3 (Sonny Milano 6, Tyler Pitlick 16) at 18:17 (PP)
Penalties :
Lucas Lessio (Gra) for Hooking (Minor) at 5:07, Nick Ritchie (Tor) for Slashing (Minor) at 15:41, Nick Ritchie (Tor) for Hooking (Minor) at 16:26
3rd period
10. Griffins , Adam Gaudette 8 (Riley Armstrong 17, Tyler Pitlick 17) at 7:09 (PP)
11. Marlies , Nicholas Baptiste 7 (Lucas Carlsson 6, Shane Prince 2) at 9:15
12. Marlies , Nick Ritchie 15 (Linden Vey 5, Pavel Zacha 12) at 19:35 (Empty Net)
Penalties :
Nicholas Baptiste (Tor) for Roughing (Minor) at 4:02, Logan Brown (Tor) for Tripping (Minor) at 7:06, Nicholas Baptiste (Tor) for Holding (Minor) at 10:03, Jakob Forsbacka-Karlsson (Tor) for Interference (Minor) at 12:39, Danny Kristo (Gra) for Holding (Minor) at 13:47, Phil Oreskovic (Gra) for Roughing (Double Minor) at 14:09
Goalie Stats
Charlie Lindgren (Tor), 27 saves from 32 shots - (0.844), W, 5-4-1, 60:00 minutes
Marcus Hogberg (Gra), 19 saves from 24 shots - (0.792), 37:36 minutes
Adam Werner (Gra), 11 saves from 12 shots - (0.917), L, 0-2-0, 21:44 minutes
Players Stats for Marlies
Player Name G A P +/- PIM S H SB GA TA FO MP PP MP PK MP
------------------------------------------------------------------------------------
Aleksi Saarela 1 0 1 1 0 2 0 1 2 0 3/13 18:03 2:06 0:56
Brett Pesce 0 0 0 1 0 1 0 3 1 1 0/0 19:00 2:52 2:34
Haydn Fleury 0 1 1 3 0 1 3 1 0 0 0/0 27:04 2:37 4:30
Jakob Forsbacka-Karlsson 0 0 0 0 2 0 1 0 0 0 1/1 7:24 1:02 0:00
Jeff Corbett 0 0 0 1 0 0 0 0 0 0 0/0 13:56 0:00 0:00
Johan Larsson 0 0 0 0 0 0 0 0 1 0 0/0 12:36 1:02 1:35
JT Compher 1 2 3 3 0 6 3 0 0 0 1/1 18:33 2:10 1:35
Linden Vey 0 1 1 1 0 2 1 1 1 0 0/0 12:32 2:21 0:00
Logan Brown 0 0 0 0 2 0 1 1 0 0 7/17 15:27 0:21 4:22
Lucas Carlsson 0 1 1 1 0 1 0 1 0 0 0/0 13:56 0:00 0:00
Mathieu Olivier 0 0 0 0 0 1 2 0 0 0 0/0 7:28 0:41 0:00
Neal Pionk 0 0 0 2 0 3 1 2 0 0 0/0 22:07 2:52 2:34
Nicholas Baptiste 1 0 1 0 4 4 3 0 1 1 0/1 17:53 2:06 0:47
Nick Ritchie 3 2 5 4 4 7 2 1 1 0 0/0 21:27 2:17 3:08
Pavel Zacha 1 3 4 4 0 2 1 2 1 0 17/31 19:14 2:21 1:35
Shane Prince 0 2 2 1 0 3 1 0 0 0 0/0 15:09 0:00 0:10
Tim Erixon 0 0 0 2 0 3 1 0 0 2 0/0 23:57 2:37 4:30
Tyler Benson 0 0 0 0 0 1 1 0 0 0 0/0 6:13 0:00 0:00
Players Stats for Griffins
Player Name G A P +/- PIM S H SB GA TA FO MP PP MP PK MP
------------------------------------------------------------------------------------
Adam Gaudette 2 0 2 -2 0 5 1 0 2 0 1/2 17:55 4:01 0:00
Brendan Woods 0 0 0 -1 0 1 0 0 0 0 1/2 9:11 0:00 2:51
Danny Kristo 0 0 0 -2 2 0 0 0 0 0 2/2 20:42 3:02 1:21
Filip Hronek 0 0 0 -1 0 0 0 0 0 0 0/0 8:24 0:00 0:00
Garrett Wilson 0 0 0 -1 0 3 0 0 0 0 2/4 10:56 0:00 0:00
Ian McCoshen 0 0 0 0 0 0 0 0 0 0 0/0 6:21 0:00 1:28
Lucas Lessio 1 0 1 -1 2 3 1 0 0 0 0/0 19:38 3:03 0:44
Marcus Pettersson 0 1 1 -2 0 1 4 2 0 2 0/0 24:52 4:07 3:16
Martin Frk 0 0 0 0 0 0 0 0 0 1 3/7 14:04 4:07 0:00
Mathew Barzal 0 0 0 -1 0 2 0 1 0 0 5/10 19:57 3:03 1:15
Patrick Wiercioch 0 0 0 -1 0 0 1 1 0 1 0/0 17:54 0:00 2:33
Phil Oreskovic 0 2 2 -1 4 1 0 0 0 1 0/0 17:37 0:00 1:16
Riley Armstrong 1 1 2 -2 0 3 3 0 0 1 19/33 20:44 4:01 2:27
Ryan Lindgren 0 0 0 0 0 0 0 0 0 0 0/0 5:07 0:00 0:00
Ryan Pulock 0 0 0 -1 0 0 0 0 0 0 0/0 10:51 0:00 1:54
Sonny Milano 0 1 1 -1 0 2 0 0 1 1 0/0 14:02 2:57 0:31
Travis Sanheim 1 0 1 -3 0 4 2 0 1 1 0/0 21:18 2:57 1:29
Troy Terry 0 0 0 -1 0 0 0 0 0 0 0/0 6:07 0:00 0:00
Tyler Pitlick 0 3 3 -3 0 6 0 0 0 0 1/2 19:03 4:01 0:00
Vladislav Namestnikov 0 0 0 -1 0 1 1 0 0 0 1/2 7:17 0:00 1:10
3 Stars
1 - Nick Ritchie (Tor)
2 - Pavel Zacha (Tor)
3 - JT Compher (Tor)
Power Play
Marlies - 0 on 4 Attempt(s) - 0.00%
Griffins - 3 on 6 Attempt(s) - 50.00%
Penalty Kill
Marlies - 3 on 6 Attempt(s) - 50.00%
- Score 1 goal in Penalty Kill
Griffins - 4 on 4 Attempt(s) - 100.00%
- Score 0 goal in Penalty Kill
Team Stat
Marlies - Hits : 21 - Faceoff Wins : 29 - Blocked Shots : 13 - Penalty Minutes : 12
Griffins - Hits : 13 - Faceoff Wins : 35 - Blocked Shots : 4 - Penalty Minutes : 8
Official
Referees : Ian Walsh and Francis Charron
Linesman : Brandon Gawryletz and Trent Knorr
Game Notes
Adam Werner enters game at 17:36 of 2nd period
Nick Ritchie has scored a Hat Trick!
Nick Ritchie has scored in a empty net!
Finance
Level 1 -- Attendance: 1951 (97.55%) -- Ticket Income $68,285
Level 2 -- Attendance: 957 (95.70%) -- Ticket Income $14,355
Total Attendance: 2908 (96.93%)
Total Ticket Income: $82,640
Other Income: $4,132
Total Income: $86,772
Marlies
5 vs 5 Forward
Center Left Wing Right Wing Time % Phy DF OF
1 Pavel Zacha Nick Ritchie JT Compher 40 1 2 2
2 Aleksi Saarela Shane Prince Nicholas Baptiste 30 1 2 2
3 Logan Brown Johan Larsson Linden Vey 20 1 2 2
4 Jakob Forsbacka-Karlsson Tyler Benson Mathieu Olivier 10 1 2 2
5 vs 5 Defense
Defense Defense Time % Phy DF OF
1 Haydn Fleury Neal Pionk 40 1 2 2
2 Tim Erixon Brett Pesce 30 1 2 2
3 Jeff Corbett Lucas Carlsson 20 1 2 2
4 Haydn Fleury Tim Erixon 10 1 2 2
PowerPlay Forward
Center Left Wing Right Wing Time % Phy DF OF
1 Pavel Zacha Nick Ritchie Linden Vey 60 1 2 2
2 Aleksi Saarela JT Compher Nicholas Baptiste 40 1 2 2
PowerPlay Defense
Defense Defense Time % Phy DF OF
1 Neal Pionk Brett Pesce 60 1 2 2
2 Haydn Fleury Tim Erixon 40 1 2 2
Penalty Kill 4 Players Forward
Center Wing Time % Phy DF OF
1 Logan Brown Nick Ritchie 60 1 2 2
2 Pavel Zacha JT Compher 40 1 2 2
Penalty Kill 4 Players Defense
Defense Defense Time % Phy DF OF
1 Haydn Fleury Tim Erixon 60 1 2 2
2 Neal Pionk Brett Pesce 40 1 2 2
Penalty Kill - 3 Players Forward
Forward Time % Phy DF OF
1 Logan Brown 60 1 2 2
2 Pavel Zacha 40 1 2 2
Penalty Kill - 3 Players Defense
Defense Defense Time % Phy DF OF
1 Haydn Fleury Tim Erixon 60 1 2 2
2 Neal Pionk Brett Pesce 40 1 2 2
4 vs 4 Forward
Center Wing Time % Phy DF OF
1 Logan Brown Nick Ritchie 60 1 2 2
2 Pavel Zacha JT Compher 40 1 2 2
4 vs 4 Defense
Defense Defense Time % Phy DF OF
1 Haydn Fleury Tim Erixon 60 1 2 2
2 Neal Pionk Brett Pesce 40 1 2 2
Last Minutes Offensive
Center Left Wing Right Wing Defense Defense
Pavel Zacha Nick Ritchie Linden Vey Haydn Fleury Neal Pionk
Last Minutes Defensive
Center Left Wing Right Wing Defense Defense
Pavel Zacha Nick Ritchie Linden Vey Haydn Fleury Tim Erixon
Goaltenders
Starting : Charlie Lindgren
Backup : Malcolm Subban
Extra Forwards
Normal : Aleksi Saarela, Pavel Zacha, Nicholas Baptiste - PP : JT Compher, Pavel Zacha - PK : Nicholas Baptiste
Extra Defensemen
Normal : Brett Pesce, Haydn Fleury, Lucas Carlsson - PP : Jeff Corbett - PK : Haydn Fleury, Jeff Corbett
Penalty Shots
Nick Ritchie, Aleksi Saarela, JT Compher, Linden Vey, Pavel Zacha
Scratches
Brycen Martin (Healthy), Colton Sissons (Healthy), Dennis Gilbert (Healthy), Henri Ikonen (Healthy), Jaden Lindo (Healthy)
Radovan Bondra (Healthy), Simon Bourque (Healthy), Tobias Lindberg (Healthy), Zack MacEwen (Healthy), Otto Koivula (Healthy)
Jamie Phillips (Healthy)
Griffins
5 vs 5 Forward
Center Left Wing Right Wing Time % Phy DF OF
1 Riley Armstrong Tyler Pitlick Adam Gaudette 37 1 2 2
2 Mathew Barzal Lucas Lessio Danny Kristo 33 1 2 2
3 Martin Frk Sonny Milano Garrett Wilson 20 1 2 2
4 Vladislav Namestnikov Brendan Woods Troy Terry 10 1 2 2
5 vs 5 Defense
Defense Defense Time % Phy DF OF
1 Marcus Pettersson Phil Oreskovic 35 1 2 2
2 Patrick Wiercioch Travis Sanheim 35 1 2 2
3 Ryan Pulock Filip Hronek 20 1 2 2
4 Ryan Lindgren Ian McCoshen 10 1 2 2
PowerPlay Forward
Center Left Wing Right Wing Time % Phy DF OF
1 Riley Armstrong Tyler Pitlick Adam Gaudette 55 1 1 3
2 Mathew Barzal Lucas Lessio Danny Kristo 45 1 1 3
PowerPlay Defense
Defense Defense Time % Phy DF OF
1 Marcus Pettersson Martin Frk 55 0 2 3
2 Travis Sanheim Sonny Milano 45 0 2 3
Penalty Kill 4 Players Forward
Center Wing Time % Phy DF OF
1 Riley Armstrong Brendan Woods 60 1 2 2
2 Vladislav Namestnikov Danny Kristo 40 1 2 2
Penalty Kill 4 Players Defense
Defense Defense Time % Phy DF OF
1 Marcus Pettersson Phil Oreskovic 60 1 2 2
2 Patrick Wiercioch Travis Sanheim 40 1 2 2
Penalty Kill - 3 Players Forward
Forward Time % Phy DF OF
1 Brendan Woods 60 1 2 2
2 Riley Armstrong 40 1 2 2
Penalty Kill - 3 Players Defense
Defense Defense Time % Phy DF OF
1 Marcus Pettersson Phil Oreskovic 60 1 2 2
2 Patrick Wiercioch Travis Sanheim 40 1 2 2
4 vs 4 Forward
Center Wing Time % Phy DF OF
1 Riley Armstrong Tyler Pitlick 60 1 2 2
2 Vladislav Namestnikov Brendan Woods 40 1 2 2
4 vs 4 Defense
Defense Defense Time % Phy DF OF
1 Marcus Pettersson Phil Oreskovic 60 1 2 2
2 Patrick Wiercioch Travis Sanheim 40 1 2 2
Last Minutes Offensive
Center Left Wing Right Wing Defense Defense
Riley Armstrong Tyler Pitlick Danny Kristo Marcus Pettersson Travis Sanheim
Last Minutes Defensive
Center Left Wing Right Wing Defense Defense
Riley Armstrong Brendan Woods Danny Kristo Marcus Pettersson Phil Oreskovic
Goaltenders
Starting : Marcus Hogberg
Backup : Adam Werner
Extra Forwards
Normal : Brendan Woods, Lucas Lessio, Garrett Wilson - PP : Brendan Woods, Lucas Lessio - PK : Brendan Woods
Extra Defensemen
Normal : Ryan Pulock, Ian McCoshen, Ryan Lindgren - PP : Ryan Pulock - PK : Ryan Pulock, Ian McCoshen
Penalty Shots
Adam Gaudette, Sonny Milano, Danny Kristo, Vladislav Namestnikov, Troy Terry
Scratches
Greg McKegg (Healthy), Jack Ramsey (Healthy), Jordan Weal (Healthy), Konrad Abeltshauser (Healthy), Michael Bunting (Healthy)
Nikita Pavlychev (Healthy), Ryan Mantha (Healthy), Tanner Kero (Healthy), Tomas Hyka (Healthy), Olivier Roy (Healthy)
Philippe Desrosiers (Healthy)
% Time on Ice - Marlies
Lines # - Real PCT - Wanted PCT - Time Play
Normal Forward
1 - 32% - 40% - 14:38
2 - 33% - 30% - 15:11
3 - 21% - 20% - 9:47
4 - 14% - 10% - 6:13
Normal Defense
1 - 38% - 40% - 17:26
2 - 28% - 30% - 12:56
3 - 29% - 20% - 13:09
4 - 5% - 10% - 2:18
PP Forward
1 - 60% - 60% - 3:16
2 - 40% - 40% - 2:13
PP Defense
1 - 59% - 60% - 3:13
2 - 41% - 40% - 2:16
PK Forward
1 - 78% - 60% - 5:29
2 - 22% - 40% - 1:35
PK Defense
1 - 64% - 60% - 4:30
2 - 36% - 40% - 2:34
PK3 Forward
1 - 0% - 60%
2 - 0% - 40%
PK3 Defense
1 - 0% - 60%
2 - 0% - 40%
44 Forward
1 - 100% - 60% - 0:51
2 - 0% - 40% - 0:00
44 Defense
1 - 100% - 60% - 0:51
2 - 0% - 40% - 0:00
Last Minute Offensive - 0:00
Last Minute Defensive - 0:47
Total
Forward - 60:00
Defense - 60:00
|
% Time on Ice - Griffins
Lines # - Real PCT - Wanted PCT - Time Play
Normal Forward
1 - 31% - 37% - 14:13
2 - 34% - 33% - 15:33
3 - 22% - 20% - 9:57
4 - 13% - 10% - 6:07
Normal Defense
1 - 36% - 35% - 16:27
2 - 35% - 35% - 16:06
3 - 18% - 20% - 8:24
4 - 11% - 10% - 4:53
PP Forward
1 - 57% - 55% - 4:01
2 - 43% - 45% - 3:03
PP Defense
1 - 58% - 55% - 4:07
2 - 42% - 45% - 2:57
PK Forward
1 - 73% - 60% - 3:11
2 - 27% - 40% - 1:10
PK Defense
1 - 77% - 60% - 3:20
2 - 23% - 40% - 1:01
PK3 Forward
1 - 73% - 60% - 1:11
2 - 27% - 40% - 0:26
PK3 Defense
1 - 71% - 60% - 1:09
2 - 29% - 40% - 0:28
44 Forward
1 - 100% - 60% - 0:22
2 - 0% - 40% - 0:00
44 Defense
1 - 100% - 60% - 0:22
2 - 0% - 40% - 0:00
Last Minute Offensive - 0:46
Last Minute Defensive - 0:00
Total
Forward - 60:00
Defense - 60:00
|
Play-by-Play
1st period
0:01 of 1st period - Riley Armstrong wins face-off versus Pavel Zacha in neutral zone.
0:31 of 1st period - Snap shot by Lucas Lessio.
0:31 of 1st period - Goal by Lucas Lessio - Marlies : 0 - Griffins : 1.
0:32 of 1st period - Martin Frk wins face-off versus Logan Brown in neutral zone.
0:42 of 1st period - Icing by Brett Pesce.
0:43 of 1st period - Logan Brown wins face-off versus Vladislav Namestnikov in Marlies zone.
1:14 of 1st period - Brett Pesce is hit by Travis Sanheim and loses puck.
1:45 of 1st period - Slapshot by Aleksi Saarela.
1:45 of 1st period - Stopped by Marcus Hogberg with a rebound.
1:47 of 1st period - Wrist shot by Tim Erixon.
1:47 of 1st period - Stopped by Marcus Hogberg without a rebound.
1:48 of 1st period - Aleksi Saarela wins face-off versus Martin Frk in Griffins zone.
1:53 of 1st period - Snap shot by Nicholas Baptiste.
1:53 of 1st period - Stopped by Marcus Hogberg with a rebound.
2:21 of 1st period - Wrist shot by Lucas Lessio.
2:21 of 1st period - Shot Blocked by Lucas Carlsson.
2:33 of 1st period - Snap shot by Tyler Benson.
2:33 of 1st period - Stopped by Marcus Hogberg with a rebound.
3:17 of 1st period - Sonny Milano is hit by Haydn Fleury and loses puck.
3:22 of 1st period - Backhand shot by Nick Ritchie.
3:22 of 1st period - Shot Misses the Net.
4:29 of 1st period - Ryan Pulock is hit by Nicholas Baptiste.
4:33 of 1st period - Garrett Wilson is hit by Shane Prince and loses puck.
6:10 of 1st period - Wrist shot by JT Compher.
6:10 of 1st period - Shot Misses the Net.
6:22 of 1st period - Ryan Lindgren is hit by Logan Brown and loses puck.
7:37 of 1st period - Wrist shot by Vladislav Namestnikov.
7:37 of 1st period - Stopped by Charlie Lindgren without a rebound.
7:38 of 1st period - Adam Gaudette wins face-off versus Aleksi Saarela in Marlies zone.
8:20 of 1st period - Snap shot by Neal Pionk.
8:20 of 1st period - Stopped by Marcus Hogberg with a rebound.
8:22 of 1st period - Wrist shot by Johan Larsson.
8:22 of 1st period - Shot Misses the Net.
8:34 of 1st period - Ryan Lindgren is hit by JT Compher and loses puck.
9:03 of 1st period - Icing by Tim Erixon.
9:04 of 1st period - Jakob Forsbacka-Karlsson wins face-off versus Mathew Barzal in Marlies zone.
9:13 of 1st period - Slapshot by Neal Pionk.
9:13 of 1st period - Deflect By Lucas Lessio.
9:13 of 1st period - Stopped by Marcus Hogberg with a rebound.
9:15 of 1st period - Slapshot by Haydn Fleury.
9:15 of 1st period - Deflect By Mathieu Olivier.
9:15 of 1st period - Stopped by Marcus Hogberg without a rebound.
9:16 of 1st period - Pavel Zacha wins face-off versus Mathew Barzal in Griffins zone.
9:17 of 1st period - Snap shot by Nick Ritchie.
9:17 of 1st period - Shot Blocked by Patrick Wiercioch.
9:19 of 1st period - Wrist shot by Nick Ritchie.
9:19 of 1st period - Goal by Nick Ritchie - Marlies : 1 - Griffins : 1.
9:20 of 1st period - Pavel Zacha wins face-off versus Tyler Pitlick in neutral zone.
9:23 of 1st period - Phil Oreskovic is hit by Haydn Fleury and loses puck.
9:28 of 1st period - Slapshot by JT Compher.
9:28 of 1st period - Goal by JT Compher - Marlies : 2 - Griffins : 1.
9:29 of 1st period - Pavel Zacha wins face-off versus Mathew Barzal in neutral zone.
9:56 of 1st period - Neal Pionk is hit by Riley Armstrong and loses puck.
10:01 of 1st period - Slapshot by Tyler Pitlick.
10:01 of 1st period - Shot Blocked by Haydn Fleury.
10:42 of 1st period - Off-side.
10:43 of 1st period - Pavel Zacha wins face-off versus Adam Gaudette in neutral zone.
10:46 of 1st period - Patrick Wiercioch is hit by Nick Ritchie.
11:39 of 1st period - Wrist shot by Brendan Woods.
11:39 of 1st period - Stopped by Charlie Lindgren without a rebound.
11:40 of 1st period - JT Compher wins face-off versus Riley Armstrong in Marlies zone.
12:28 of 1st period - Snap shot by Linden Vey.
12:28 of 1st period - Stopped by Marcus Hogberg without a rebound.
12:29 of 1st period - Logan Brown wins face-off versus Riley Armstrong in Griffins zone.
12:43 of 1st period - Slapshot by Tyler Pitlick.
12:43 of 1st period - Stopped by Charlie Lindgren with a rebound.
12:45 of 1st period - Snap shot by Adam Gaudette.
12:45 of 1st period - Shot Blocked by Brett Pesce.
13:26 of 1st period - Wrist shot by Nicholas Baptiste.
13:26 of 1st period - Stopped by Marcus Hogberg without a rebound.
13:27 of 1st period - Vladislav Namestnikov wins face-off versus Pavel Zacha in Griffins zone.
13:39 of 1st period - Brendan Woods is hit by JT Compher.
13:53 of 1st period - Adam Gaudette is hit by Neal Pionk and loses puck.
15:06 of 1st period - Snap shot by JT Compher.
15:06 of 1st period - Stopped by Marcus Hogberg with a rebound.
15:24 of 1st period - Snap shot by Aleksi Saarela.
15:24 of 1st period - Shot Misses the Net.
15:47 of 1st period - Backhand shot by Tyler Benson.
15:47 of 1st period - Shot Misses the Net.
16:59 of 1st period - Wrist shot by Johan Larsson.
16:59 of 1st period - Shot Misses the Net.
17:07 of 1st period - Snap shot by Lucas Lessio.
17:07 of 1st period - Stopped by Charlie Lindgren without a rebound.
17:08 of 1st period - Pavel Zacha wins face-off versus Riley Armstrong in Marlies zone.
18:00 of 1st period - Jakob Forsbacka-Karlsson is hit by Vladislav Namestnikov and loses puck.
18:37 of 1st period - Snap shot by Adam Gaudette.
18:37 of 1st period - Stopped by Charlie Lindgren with a rebound.
18:43 of 1st period - Wrist shot by Tyler Pitlick.
18:43 of 1st period - Shot Misses the Net.
Goals for this period are 2 for Marlies vs 1 for Griffins.
Shots for this period are 12 for Marlies vs 6 for Griffins.
2nd period
0:01 of 2nd period - Riley Armstrong wins face-off versus Pavel Zacha in neutral zone.
0:26 of 2nd period - Tyler Pitlick is hit by Mathieu Olivier and loses puck.
0:37 of 2nd period - Haydn Fleury is hit by Adam Gaudette and loses puck.
0:52 of 2nd period - Brett Pesce is hit by Patrick Wiercioch and loses puck.
1:18 of 2nd period - Wrist shot by JT Compher.
1:18 of 2nd period - Deflect By Danny Kristo.
1:18 of 2nd period - Stopped by Marcus Hogberg with a rebound.
1:30 of 2nd period - Danny Kristo is hit by Tim Erixon.
1:59 of 2nd period - Slapshot by Sonny Milano.
1:59 of 2nd period - Shot Misses the Net.
3:13 of 2nd period - Slapshot by Neal Pionk.
3:13 of 2nd period - Stopped by Marcus Hogberg with a rebound.
3:35 of 2nd period - Slapshot by Nick Ritchie.
3:35 of 2nd period - Stopped by Marcus Hogberg without a rebound.
3:36 of 2nd period - Mathew Barzal wins face-off versus Pavel Zacha in Griffins zone.
4:29 of 2nd period - Snap shot by JT Compher.
4:29 of 2nd period - Stopped by Marcus Hogberg with a rebound.
4:31 of 2nd period - Snap shot by Pavel Zacha.
4:31 of 2nd period - Goal by Pavel Zacha - Marlies : 3 - Griffins : 1.
4:32 of 2nd period - Riley Armstrong wins face-off versus Aleksi Saarela in neutral zone.
4:34 of 2nd period - Off-side.
4:35 of 2nd period - Riley Armstrong wins face-off versus Aleksi Saarela in neutral zone.
5:07 of 2nd period - Minor Penalty to Lucas Lessio for Hooking.
5:08 of 2nd period - Riley Armstrong wins face-off versus Pavel Zacha in Griffins zone.
5:16 of 2nd period - Phil Oreskovic is hit by Linden Vey and loses puck.
6:32 of 2nd period - Neal Pionk is hit by Marcus Pettersson and loses puck.
7:07 of 2nd period - Penalty to Lucas Lessio is over, Lucas Lessio is back on ice.
7:51 of 2nd period - Wrist shot by Tyler Pitlick.
7:51 of 2nd period - Stopped by Charlie Lindgren without a rebound.
7:52 of 2nd period - Garrett Wilson wins face-off versus Logan Brown in Marlies zone.
7:56 of 2nd period - Snap shot by Adam Gaudette.
7:56 of 2nd period - Stopped by Charlie Lindgren without a rebound.
7:57 of 2nd period - Mathew Barzal wins face-off versus Logan Brown in Marlies zone.
8:46 of 2nd period - Snap shot by Nicholas Baptiste.
8:46 of 2nd period - Shot Misses the Net.
8:48 of 2nd period - Slapshot by Brett Pesce.
8:48 of 2nd period - Stopped by Marcus Hogberg with a rebound.
8:50 of 2nd period - Slapshot by Brett Pesce.
8:50 of 2nd period - Deflect By Shane Prince.
8:50 of 2nd period - Stopped by Marcus Hogberg without a rebound.
8:51 of 2nd period - Aleksi Saarela wins face-off versus Mathew Barzal in Griffins zone.
8:58 of 2nd period - Snap shot by Nicholas Baptiste.
8:58 of 2nd period - Shot Misses the Net.
9:00 of 2nd period - Snap shot by Aleksi Saarela.
9:00 of 2nd period - Shot Misses the Net.
9:06 of 2nd period - Snap shot by Aleksi Saarela.
9:06 of 2nd period - Deflect By Shane Prince.
9:06 of 2nd period - Stopped by Marcus Hogberg with a rebound.
9:16 of 2nd period - Lucas Lessio is hit by Haydn Fleury and loses puck.
9:21 of 2nd period - Snap shot by Linden Vey.
9:21 of 2nd period - Shot Misses the Net.
9:29 of 2nd period - Snap shot by Linden Vey.
9:29 of 2nd period - Shot Misses the Net.
9:43 of 2nd period - Slapshot by Marcus Pettersson.
9:43 of 2nd period - Stopped by Charlie Lindgren with a rebound.
9:45 of 2nd period - Wrist shot by Adam Gaudette.
9:45 of 2nd period - Stopped by Charlie Lindgren with a rebound.
9:47 of 2nd period - Wrist shot by Adam Gaudette.
9:47 of 2nd period - Goal by Adam Gaudette - Marlies : 3 - Griffins : 2.
9:48 of 2nd period - Riley Armstrong wins face-off versus Pavel Zacha in neutral zone.
10:34 of 2nd period - Johan Larsson is hit by Travis Sanheim and loses puck.
10:43 of 2nd period - Wrist shot by Linden Vey.
10:43 of 2nd period - Shot Misses the Net.
12:20 of 2nd period - Slapshot by Lucas Lessio.
12:20 of 2nd period - Stopped by Charlie Lindgren with a rebound.
13:13 of 2nd period - Snap shot by Nicholas Baptiste.
13:13 of 2nd period - Shot Misses the Net.
13:15 of 2nd period - Backhand shot by Aleksi Saarela.
13:15 of 2nd period - Shot Blocked by Marcus Pettersson.
14:13 of 2nd period - Slapshot by Mathew Barzal.
14:13 of 2nd period - Stopped by Charlie Lindgren with a rebound.
14:53 of 2nd period - Snap shot by Aleksi Saarela.
14:53 of 2nd period - Shot Blocked by Marcus Pettersson.
14:55 of 2nd period - Slapshot by Lucas Carlsson.
14:55 of 2nd period - Stopped by Marcus Hogberg without a rebound.
14:56 of 2nd period - Pavel Zacha wins face-off versus Riley Armstrong in Griffins zone.
15:06 of 2nd period - Slapshot by Nick Ritchie.
15:06 of 2nd period - Stopped by Marcus Hogberg without a rebound.
15:07 of 2nd period - Pavel Zacha wins face-off versus Riley Armstrong in Griffins zone.
15:18 of 2nd period - Wrist shot by Pavel Zacha.
15:18 of 2nd period - Deflect By Nick Ritchie.
15:18 of 2nd period - Shot Misses the Net.
15:18 of 2nd period - Puck is out of play.
15:19 of 2nd period - Pavel Zacha wins face-off versus Riley Armstrong in Griffins zone.
15:28 of 2nd period - Pavel Zacha is hit by Riley Armstrong and loses puck.
15:41 of 2nd period - Minor Penalty to Nick Ritchie for Slashing.
15:42 of 2nd period - Riley Armstrong wins face-off versus Logan Brown in Marlies zone.
15:43 of 2nd period - Wrist shot by Tyler Pitlick.
15:43 of 2nd period - Shot Blocked by Logan Brown.
15:45 of 2nd period - Slapshot by Riley Armstrong.
15:45 of 2nd period - Goal by Riley Armstrong - Marlies : 3 - Griffins : 3.
15:46 of 2nd period - Pavel Zacha wins face-off versus Riley Armstrong in neutral zone.
15:53 of 2nd period - Wrist shot by Nick Ritchie.
15:53 of 2nd period - Goal by Nick Ritchie - Marlies : 4 - Griffins : 3.
15:54 of 2nd period - Pavel Zacha wins face-off versus Riley Armstrong in neutral zone.
16:04 of 2nd period - Slapshot by Riley Armstrong.
16:04 of 2nd period - Stopped by Charlie Lindgren without a rebound.
16:05 of 2nd period - Pavel Zacha wins face-off versus Riley Armstrong in Marlies zone.
16:26 of 2nd period - Minor Penalty to Nick Ritchie for Hooking.
16:27 of 2nd period - Riley Armstrong wins face-off versus Logan Brown in Marlies zone.
17:36 of 2nd period - Wrist shot by Aleksi Saarela.
17:36 of 2nd period - Goal by Aleksi Saarela - Marlies : 5 - Griffins : 3.
17:36 of 2nd period - Adam Werner enters game.
17:37 of 2nd period - Riley Armstrong wins face-off versus Logan Brown in neutral zone.
18:11 of 2nd period - Slapshot by Sonny Milano.
18:11 of 2nd period - Deflect By Aleksi Saarela.
18:11 of 2nd period - Stopped by Charlie Lindgren without a rebound.
18:12 of 2nd period - Riley Armstrong wins face-off versus Aleksi Saarela in Marlies zone.
18:13 of 2nd period - Snap shot by Tyler Pitlick.
18:13 of 2nd period - Shot Misses the Net.
18:15 of 2nd period - Slapshot by Sonny Milano.
18:15 of 2nd period - Shot Misses the Net.
18:17 of 2nd period - Slapshot by Travis Sanheim.
18:17 of 2nd period - Goal by Travis Sanheim - Marlies : 5 - Griffins : 4.
18:18 of 2nd period - Riley Armstrong wins face-off versus Pavel Zacha in neutral zone.
19:14 of 2nd period - Snap shot by Danny Kristo.
19:14 of 2nd period - Shot Misses the Net.
19:31 of 2nd period - Linden Vey is hit by Lucas Lessio.
19:41 of 2nd period - Snap shot by Johan Larsson.
19:41 of 2nd period - Shot Misses the Net.
19:43 of 2nd period - Wrist shot by Linden Vey.
19:43 of 2nd period - Stopped by Adam Werner with a rebound.
19:51 of 2nd period - Wrist shot by Linden Vey.
19:51 of 2nd period - Shot Blocked by Mathew Barzal.
19:53 of 2nd period - Slapshot by Tim Erixon.
19:53 of 2nd period - Stopped by Adam Werner without a rebound.
19:54 of 2nd period - Pavel Zacha wins face-off versus Riley Armstrong in Griffins zone.
Goals for this period are 3 for Marlies vs 3 for Griffins.
Shots for this period are 14 for Marlies vs 11 for Griffins.
3rd period
0:01 of 3rd period - Riley Armstrong wins face-off versus Pavel Zacha in neutral zone.
0:11 of 3rd period - Pavel Zacha is hit by Riley Armstrong and loses puck.
0:29 of 3rd period - Icing by Sonny Milano.
0:30 of 3rd period - Garrett Wilson wins face-off versus Aleksi Saarela in Griffins zone.
0:30 of 3rd period - Garrett Wilson is hit by Nicholas Baptiste.
0:58 of 3rd period - Slapshot by Travis Sanheim.
0:58 of 3rd period - Shot Blocked by Brett Pesce.
1:16 of 3rd period - Wrist shot by Nicholas Baptiste.
1:16 of 3rd period - Stopped by Adam Werner without a rebound.
1:17 of 3rd period - Riley Armstrong wins face-off versus Pavel Zacha in Griffins zone.
1:17 of 3rd period - Riley Armstrong is hit by JT Compher.
1:30 of 3rd period - Tyler Pitlick is hit by Pavel Zacha.
1:56 of 3rd period - Johan Larsson is hit by Marcus Pettersson and loses puck.
2:09 of 3rd period - Brendan Woods is hit by Jakob Forsbacka-Karlsson and loses puck.
2:21 of 3rd period - Troy Terry is hit by Tyler Benson.
3:06 of 3rd period - Wrist shot by Sonny Milano.
3:06 of 3rd period - Shot Misses the Net.
3:24 of 3rd period - Slapshot by Johan Larsson.
3:24 of 3rd period - Deflect By Lucas Lessio.
3:24 of 3rd period - Shot Misses the Net.
3:24 of 3rd period - Puck is out of play.
3:25 of 3rd period - Riley Armstrong wins face-off versus Pavel Zacha in Griffins zone.
3:30 of 3rd period - Slapshot by JT Compher.
3:30 of 3rd period - Shot Misses the Net.
3:40 of 3rd period - Wrist shot by JT Compher.
3:40 of 3rd period - Stopped by Adam Werner without a rebound.
3:41 of 3rd period - Martin Frk wins face-off versus Aleksi Saarela in Griffins zone.
3:54 of 3rd period - Slapshot by Travis Sanheim.
3:54 of 3rd period - Shot Blocked by Aleksi Saarela.
3:56 of 3rd period - Wrist shot by Garrett Wilson.
3:56 of 3rd period - Stopped by Charlie Lindgren with a rebound.
4:02 of 3rd period - Minor Penalty to Nicholas Baptiste for Roughing.
4:03 of 3rd period - Logan Brown wins face-off versus Riley Armstrong in Marlies zone.
4:39 of 3rd period - Wrist shot by Lucas Lessio.
4:39 of 3rd period - Shot Blocked by Pavel Zacha.
4:41 of 3rd period - Snap shot by Mathew Barzal.
4:41 of 3rd period - Stopped by Charlie Lindgren without a rebound.
4:42 of 3rd period - Logan Brown wins face-off versus Mathew Barzal in Marlies zone.
5:05 of 3rd period - Slapshot by Tyler Pitlick.
5:05 of 3rd period - Shot Blocked by Neal Pionk.
5:07 of 3rd period - Snap shot by Marcus Pettersson.
5:07 of 3rd period - Shot Blocked by Brett Pesce.
5:09 of 3rd period - Slapshot by Marcus Pettersson.
5:09 of 3rd period - Shot Blocked by Pavel Zacha.
6:02 of 3rd period - Penalty to Nicholas Baptiste is over, Nicholas Baptiste is back on ice.
6:33 of 3rd period - Snap shot by JT Compher.
6:33 of 3rd period - Stopped by Adam Werner without a rebound.
6:34 of 3rd period - Pavel Zacha wins face-off versus Martin Frk in Griffins zone.
7:06 of 3rd period - Minor Penalty to Logan Brown for Tripping.
7:07 of 3rd period - Tyler Pitlick wins face-off versus Nicholas Baptiste in Marlies zone.
7:07 of 3rd period - Snap shot by Riley Armstrong.
7:07 of 3rd period - Stopped by Charlie Lindgren with a rebound.
7:09 of 3rd period - Wrist shot by Adam Gaudette.
7:09 of 3rd period - Goal by Adam Gaudette - Marlies : 5 - Griffins : 5.
7:10 of 3rd period - Riley Armstrong wins face-off versus Pavel Zacha in neutral zone.
7:35 of 3rd period - Snap shot by Sonny Milano.
7:35 of 3rd period - Stopped by Charlie Lindgren with a rebound.
7:37 of 3rd period - Wrist shot by Garrett Wilson.
7:37 of 3rd period - Stopped by Charlie Lindgren without a rebound.
7:38 of 3rd period - Aleksi Saarela wins face-off versus Martin Frk in Marlies zone.
8:05 of 3rd period - Snap shot by Neal Pionk.
8:05 of 3rd period - Shot Misses the Net.
8:17 of 3rd period - Slapshot by Marcus Pettersson.
8:17 of 3rd period - Shot Blocked by Neal Pionk.
8:19 of 3rd period - Wrist shot by Garrett Wilson.
8:19 of 3rd period - Shot Misses the Net.
8:21 of 3rd period - Backhand shot by Phil Oreskovic.
8:21 of 3rd period - Stopped by Charlie Lindgren without a rebound.
8:22 of 3rd period - Riley Armstrong wins face-off versus Pavel Zacha in Marlies zone.
8:50 of 3rd period - Snap shot by Danny Kristo.
8:50 of 3rd period - Shot Misses the Net.
8:52 of 3rd period - Backhand shot by Travis Sanheim.
8:52 of 3rd period - Stopped by Charlie Lindgren without a rebound.
8:53 of 3rd period - Mathew Barzal wins face-off versus Aleksi Saarela in Marlies zone.
9:04 of 3rd period - Lucas Lessio is hit by Nicholas Baptiste and loses puck.
9:11 of 3rd period - Wrist shot by Shane Prince.
9:11 of 3rd period - Stopped by Adam Werner with a rebound.
9:13 of 3rd period - Slapshot by Lucas Carlsson.
9:13 of 3rd period - Shot Misses the Net.
9:15 of 3rd period - Slapshot by Nicholas Baptiste.
9:15 of 3rd period - Goal by Nicholas Baptiste - Marlies : 6 - Griffins : 5.
9:16 of 3rd period - Pavel Zacha wins face-off versus Riley Armstrong in neutral zone.
9:26 of 3rd period - Wrist shot by Pavel Zacha.
9:26 of 3rd period - Stopped by Adam Werner with a rebound.
9:41 of 3rd period - Icing by Neal Pionk.
9:42 of 3rd period - Mathew Barzal wins face-off versus Aleksi Saarela in Marlies zone.
9:49 of 3rd period - Slapshot by Haydn Fleury.
9:49 of 3rd period - Stopped by Adam Werner with a rebound.
10:03 of 3rd period - Minor Penalty to Nicholas Baptiste for Holding.
10:04 of 3rd period - Riley Armstrong wins face-off versus Logan Brown in Marlies zone.
10:09 of 3rd period - Snap shot by Tyler Pitlick.
10:09 of 3rd period - Shot Misses the Net.
10:17 of 3rd period - Snap shot by Tyler Pitlick.
10:17 of 3rd period - Stopped by Charlie Lindgren without a rebound.
10:18 of 3rd period - Riley Armstrong wins face-off versus Logan Brown in Marlies zone.
11:12 of 3rd period - Off-side.
11:13 of 3rd period - Mathew Barzal wins face-off versus Aleksi Saarela in neutral zone.
12:03 of 3rd period - Penalty to Nicholas Baptiste is over, Nicholas Baptiste is back on ice.
12:39 of 3rd period - Minor Penalty to Jakob Forsbacka-Karlsson for Interference.
12:40 of 3rd period - Riley Armstrong wins face-off versus Logan Brown in Marlies zone.
13:29 of 3rd period - Icing by Adam Gaudette.
13:30 of 3rd period - Pavel Zacha wins face-off versus Riley Armstrong in Griffins zone.
13:47 of 3rd period - Minor Penalty to Danny Kristo for Holding.
13:48 of 3rd period - Logan Brown wins face-off versus Riley Armstrong in Griffins zone.
14:03 of 3rd period - Backhand shot by Nick Ritchie.
14:03 of 3rd period - Stopped by Adam Werner with a rebound.
14:09 of 3rd period - Double Minor Penalty to Phil Oreskovic for Roughing.
14:10 of 3rd period - Logan Brown wins face-off versus Brendan Woods in Griffins zone.
14:39 of 3rd period - Penalty to Jakob Forsbacka-Karlsson is over, Jakob Forsbacka-Karlsson is back on ice.
14:53 of 3rd period - Slapshot by Haydn Fleury.
14:53 of 3rd period - Shot Misses the Net.
14:55 of 3rd period - Slapshot by Tim Erixon.
14:55 of 3rd period - Stopped by Adam Werner with a rebound.
14:57 of 3rd period - Slapshot by Nick Ritchie.
14:57 of 3rd period - Shot Misses the Net.
14:59 of 3rd period - Slapshot by Nick Ritchie.
14:59 of 3rd period - Stopped by Adam Werner without a rebound.
15:00 of 3rd period - Brendan Woods wins face-off versus Aleksi Saarela in Griffins zone.
15:23 of 3rd period - Brendan Woods is hit by Nick Ritchie and loses puck.
15:47 of 3rd period - Penalty to Danny Kristo is over, Danny Kristo is back on ice.
16:37 of 3rd period - Nicholas Baptiste is hit by Marcus Pettersson and loses puck.
17:59 of 3rd period - Marcus Pettersson is hit by Mathieu Olivier and loses puck.
18:09 of 3rd period - Penalty to Phil Oreskovic is over, Phil Oreskovic is back on ice.
18:31 of 3rd period - Lucas Carlsson is hit by Marcus Pettersson.
18:55 of 3rd period - Griffins, Adam Werner is pulled from the net.
18:55 of 3rd period - Slapshot by Travis Sanheim.
18:55 of 3rd period - Deflect By Lucas Carlsson.
18:55 of 3rd period - Stopped by Charlie Lindgren without a rebound.
18:56 of 3rd period - Kirk Muller call a timeout for Griffins.
18:56 of 3rd period - Pavel Zacha wins face-off versus Garrett Wilson in Marlies zone.
19:03 of 3rd period - Backhand shot by Tyler Pitlick.
19:03 of 3rd period - Stopped by Charlie Lindgren with a rebound.
19:05 of 3rd period - Snap shot by Travis Sanheim.
19:05 of 3rd period - Stopped by Charlie Lindgren with a rebound.
19:07 of 3rd period - Wrist shot by Tyler Pitlick.
19:07 of 3rd period - Stopped by Charlie Lindgren with a rebound.
19:15 of 3rd period - Snap shot by Garrett Wilson.
19:15 of 3rd period - Stopped by Charlie Lindgren without a rebound.
19:16 of 3rd period - Danny Kristo wins face-off versus Pavel Zacha in Marlies zone.
19:21 of 3rd period - Slapshot by Danny Kristo.
19:21 of 3rd period - Shot Misses the Net.
19:23 of 3rd period - Wrist shot by Tyler Pitlick.
19:23 of 3rd period - Shot Blocked by Linden Vey.
19:25 of 3rd period - Slapshot by Travis Sanheim.
19:25 of 3rd period - Deflect By Danny Kristo.
19:25 of 3rd period - Shot Blocked by Nick Ritchie.
19:25 of 3rd period - Puck is out of play.
19:26 of 3rd period - Danny Kristo wins face-off versus Pavel Zacha in Marlies zone.
19:29 of 3rd period - Wrist shot by Tyler Pitlick.
19:29 of 3rd period - Stopped by Charlie Lindgren without a rebound.
19:30 of 3rd period - Pavel Zacha wins face-off versus Garrett Wilson in Marlies zone.
19:35 of 3rd period - Wrist shot by Nick Ritchie.
19:35 of 3rd period - Goal by Nick Ritchie - Marlies : 7 - Griffins : 5.
19:35 of 3rd period - Adam Werner from Griffins was sent back in the game.
19:36 of 3rd period - Martin Frk wins face-off versus Logan Brown in neutral zone.
19:43 of 3rd period - Off-side.
19:44 of 3rd period - Logan Brown wins face-off versus Martin Frk in neutral zone.
Goals for this period are 2 for Marlies vs 1 for Griffins.
Shots for this period are 11 for Marlies vs 15 for Griffins.